 Dungeon Crawl Stone Soup version 0.30-a0-881-g1ff12e1e11 (webtiles) character file.

Game seed: 1517260368828045024

1152 retardedninja the Covered (level 8, -3/72 HPs)
             Began as an Armataur Fighter on Mar 14, 2023.
             Slain by Newt's ghost (11 damage)
             ... on level 5 of the Dungeon.
             The game lasted 00:06:22 (4841 turns).

retardedninja the Covered (Armataur Fighter)        Turns: 4841, Time: 00:06:26

Health: -3/72      AC: 10    Str: 25    XL:     8   Next: 16%
Magic:  8/8        EV:  6    Int:  8    God:
Gold:   389        SH:  0    Dex: 12    Spells: 7/7 levels left

rFire   . . .      SeeInvis .    a - +0 war axe
rCold   + . .      Faith    .    c - +0 buckler
rNeg    . . .      Spirit   .    y - +0 chain mail
rPois   +          Reflect  .    h - +0 helmet
rElec   .          Roll     +    (no cloak)
rCorr   .                        (no gloves)
Will    .....                    (no barding) Stlth
                                 o - amulet of regeneration
HPRegen 1.12/turn                w - ring "Sesy" {rPois rC+ Dex+3}
MPRegen 0.11/turn                (no ring)

@: confused, ambrosia-drunk
A: large, rugged brown scales 3, deformed body, armoured tail, roll, long
tongue, awkward tongue
a: no special abilities


You were on level 5 of the Dungeon.
You visited 1 branch of the dungeon, and saw 5 of its levels.

You collected 389 gold pieces.

Inventory:

Hand Weapons
 a - a +0 war axe (weapon)
Missiles
 g - 4 silver javelins
 m - 8 boomerangs (quivered)
Armour
 c - a +0 buckler (worn)
 h - a +0 helmet (worn)
 y - a +0 chain mail (worn)
Jewellery
 o - an amulet of regeneration (around neck)
 v - a +6 ring of intelligence
 w - the ring "Sesy" (left hand) {rPois rC+ Dex+3}
   (You found it on level 3 of the Dungeon)

   [ring of protection from cold]

   Dex:       It affects your dexterity (+3).
   rC:        It protects you from cold.
   rPois:     It protects you from poison.
Wands
 d - a wand of flame (26)
 e - a wand of iceblast (2)
 C - a wand of digging (6)
Scrolls
 f - 3 scrolls of teleportation {unknown}
 i - a scroll of poison {unknown}
 l - a scroll of fog {unknown}
 q - a scroll of fear
 s - a scroll of enchant weapon {unknown}
 t - a scroll of immolation {unknown}
 B - a scroll of blinking {unknown}
Potions
 b - a potion of berserk rage {unknown}
 j - 4 potions of curing
 k - a potion of invisibility {unknown}
 n - a potion of heal wounds
 p - 2 potions of lignification
 r - 3 potions of mutation
 u - a potion of magic
 z - a potion of haste {unknown}
 A - 2 potions of flight


   Skills:
 + Level 5.1 Fighting
 + Level 4.2 Axes
 + Level 6.8 Armour
 + Level 6.2 Shields


You had 7 spell levels left.
You didn't know any spells.
Your spell library contained the following spells:

 Spells                   Type           Power      Damage    Failure   Level
 Ensorcelled Hibernation  Hex/Ice        0%         N/A       99%         2
 Passwall                 Tmut/Erth      0%         N/A       99%         2
 Swiftness                Air            0%         N/A       100%        3


Dungeon Overview and Level Annotations

Branches:
Dungeon (5/15)
 Temple: D:4-7

Altars:

Shops:
D:2 *   D:4 *

Annotations:
D:5 Newt's ghost, novice KoHu


Innate Abilities, Weirdness & Mutations

You are completely covered in rugged brown scales. (AC +3, +7% HP)
Armour fits poorly on your strangely shaped body.
You have a long armoured tail.
You roll when moving toward enemies. (Rampage)
Your long tongue fully drains potion bottles. (2x potion effects)
Your tongue gives you trouble enunciating. (1.5x scroll delay)


Message History

Newt's ghost freezes you.
* * * LOW HITPOINT WARNING * * *
Unknown command.
You slurp down every last drop of the potion of heal wounds!
You feel much better.
Newt's ghost hits you but does no damage.
You closely miss Newt's ghost.
Newt's ghost is heavily damaged.
Newt's ghost hits you. You block Newt's ghost's attack. Newt's ghost hits you!
Newt's ghost freezes you.
You slash Newt's ghost!
Newt's ghost is severely damaged.
Newt's ghost hits you but does no damage.
You miss Newt's ghost.
Your tail-slap misses Newt's ghost.
Newt's ghost is severely damaged.
Newt's ghost hits you! Newt's ghost freezes you.
You block Newt's ghost's attack.
You slash Newt's ghost!
Your tail-slap misses Newt's ghost.
Newt's ghost is almost destroyed.
Newt's ghost hits you!
* * * LOW HITPOINT WARNING * * *
You slurp down every last drop of the potion of ambrosia!
You are confused.
You feel invigorated. Newt's ghost hits you!
* * * LOW HITPOINT WARNING * * *
Newt's ghost freezes you.
* * * LOW HITPOINT WARNING * * *
You closely miss Newt's ghost.
Newt's ghost is almost destroyed.
Newt's ghost hits you!
* * * LOW HITPOINT WARNING * * *
You closely miss Newt's ghost.
Newt's ghost is almost destroyed.
Newt's ghost hits you!!
* * * LOW HITPOINT WARNING * * *
Newt's ghost freezes you.
* * * LOW HITPOINT WARNING * * *
Newt's ghost hits you!
You die...

....[...........................÷
..........###........#....^......
....)..#..#####......##..........
.......#...# ###.................
######.##..###...#.#..>..........
#.##...<..###.##............
#..#.###.....(...##...#...##
#..#(# #.......######...#...
##...###...@.....#####..#...
#...<#...#W#...............
#.......##.##..............
##.....##...##.............
#....##.....##............
#....#⌠.!♣?.⌠#............
#....##.....##............
#.....##...##.............
#......##⌠##.........#....


You could see Newt's ghost.

Vanquished Creatures
  Sigmund (D:4)
  Duvessa (D:4)
  A black bear (D:4)
  An ogre (D:4)
  Dowan (D:4)
  3 hounds
  2 jellies
  3 orc priests
  Jessica (D:2)
  An iguana (D:5)
  4 orc wizards
  Robin (D:3)
  7 adders
  5 gnolls
  A shadow imp (D:4)
  An ufetubus (D:5)
  2 dart slugs
  19 orcs
  4 ball pythons
  3 bats
  9 endoplasms
  3 giant cockroaches
  15 goblins
  10 hobgoblins
  2 jackals (D:4)
  9 kobolds
  4 quokkas
  8 frilled lizards (D:1)
  9 rats
131 creatures vanquished.

Vanquished Creatures (others)
  2 orc wizards
  6 plants (D:4)
8 creatures vanquished.

Grand Total: 139 creatures vanquished

Notes
Turn   | Place    | Note
-------+----------+-------------------------------------------
     0 | D:1      | retardedninja the Armataur Fighter began the quest for the
                  | Orb.
     0 | D:1      | Reached XP level 1. HP: 19/19 MP: 1/1
   131 | D:1      | Reached XP level 2. HP: 14/26 MP: 2/2
   729 | D:1      | Reached XP level 3. HP: 29/33 MP: 3/3
   979 | D:2      | Noticed Jessica
   999 | D:2      | Killed Jessica
  1000 | D:2      | Reached XP level 4. HP: 22/40 MP: 4/4
  1467 | D:2      | Found Rigut's Assorted Antiques.
  1960 | D:3      | Noticed Robin
  1971 | D:3      | Killed Robin
  2233 | D:3      | Reached XP level 5. HP: 29/48 MP: 5/5
  2451 | D:3      | Found a faded altar of an unknown god.
  2452 | D:3      | Noticed a floating eye
  2454 | D:3      | Noticed a floating eye
  2454 | D:3      | Noticed a great orb of eyes
  2454 | D:3      | Noticed a great orb of eyes
  2509 | D:3      | Identified the ring "Sesy" {rPois rC+ Dex+3}
  3113 | D:3      | Reached skill level 5 in Armour
  3394 | D:4      | Reached XP level 6. HP: 54/55 MP: 6/6
  3480 | D:4      | Noticed Dowan
  3484 | D:4      | Killed Dowan
  3484 | D:4      | Noticed Duvessa
  3485 | D:4      | Reached skill level 5 in Shields
  3491 | D:4      | Killed Duvessa
  3492 | D:4      | Reached XP level 7. HP: 33/63 MP: 7/7
  3494 | D:4      | Noticed Sigmund
  3502 | D:4      | Killed Sigmund
  3503 | D:4      | Found Tiewnaz's Assorted Antiques.
  4306 | D:5      | Entered Level 5 of the Dungeon
  4326 | D:5      | Reached skill level 5 in Fighting
  4331 | D:5      | Reached XP level 8. HP: 64/72 MP: 8/8
  4663 | D:5      | Found a runed translucent door.
  4664 | D:5      | Noticed Newt's ghost (novice KoHu)
  4841 | D:5      | Slain by Newt's ghost

Illustrated notes

Levels and vault maps discovered:
D:1:      dpeg_arrival_arbitrary_b, layout_basic, minmay_lizard_pond
D:2:      layout_loops_cross, serial_forest, infiniplex_forest_zigzag_2,
          infiniplex_forest_lined_corner, infiniplex_forest_end_2,
          infiniplex_forest_straight_4, infiniplex_forest_corner_1,
          infiniplex_forest_straight_2, infiniplex_forest_zigzag_2,
          infiniplex_forest_lined_2, serial_shops, shop_statue, uniq_jessica
D:3:      layout_basic, serial_curves, eino_curves_01, eino_curves_03,
          hellmonk_ecumenical_altar_watching_god, minmay_pentangle, uniq_robin
D:4:      layout_loops_ring, serial_shops, kennysheep_mini, chequers_big_river,
          uniq_duvessa, uniq_sigmund
D:5:      layout_rooms, hellmonk_ghost_happy_afterlife

Skill      XL: |  1  2  3  4  5  6  7 |
---------------+----------------------+-----
Armour         | 4 5 6 |  6.8
Fighting       | 3 4 5 |  5.1
Axes           | 2 3 4 |  4.2
Shields        | 4 5 6 |  6.2

Action                     |  1- 3 |  4- 6 |  7- 9 || total
---------------------------+-------+-------+-------++-------
  Melee: War axe           |    78 |   146 |   131 ||   355
         Tailslap          |     8 |    16 |    10 ||    34
  Throw: Boomerang         |     6 |    28 |     7 ||    41
  Evoke: Wand              |       |     5 |       ||     5
    Use: Scroll            |       |     8 |     2 ||    10
         Potion            |       |     1 |     2 ||     3
 Armour: Scale mail        |    54 |    27 |       ||    81
         Chain mail        |       |    67 |   100 ||   167
  Dodge: Dodged            |    36 |    38 |    33 ||   107
  Block: Buckler           |    15 |    31 |    39 ||    85

Table legend: (Time is in decaauts)
 A = Elapsed time spent in this place.
 B = Non-inter-level travel time spent in this place.
 C = Inter-level travel time spent in this place.
 D = Time resting spent in this place.
 E = Time spent auto-exploring this place.
 F = Levels seen in this place.
 G = Mean time per level.
                   A        B        C        D        E       F      G
               +--------+--------+--------+--------+--------+-----+--------+
         Total |   4995 |   4858 |    137 |    658 |   3198 |   5 |  999.0 |
       Dungeon |   4995 |   4858 |    137 |    658 |   3198 |   5 |  999.0 |
               +--------+--------+--------+--------+--------+-----+--------+

Top non-repeatable levels by time:
     D:3: 1506 daAuts
     D:4: 1110 daAuts
     D:1: 1005 daAuts
     D:2: 809 daAuts
     D:5: 563 daAuts
